Map: Ascension to Aiur LE

Players

NightEnD - Winner!

  • Race: Protoss Protoss
  • Spawn Location: 11:00

FightingFrog

  • Race: Zerg Zerg
  • Spawn Location: 5:00

Event: WCS Jonkoping 2017

VOD

Have the link to the VOD?

Description

Time

  • Played on: June 17, 2017, 6:34 a.m.
  • Length: 11:45

All games in this series

Show
View Real Time Build Order
Export as new Build Order

NightEnD Protoss - Winner!

Build Orders: 1 Gate Expand, Oracle Opening, Zealot Archon 

Get SALT Encoding   

  12  0:01  Probe (Chrono Boost)  
  13  0:11  Probe (Chrono Boost)  
  14  0:17  Pylon  
  14  0:23  Probe (Chrono Boost)  
  15  0:35  Probe (Chrono Boost)  
  16  0:38  Gateway  
  16  0:46  Probe (Chrono Boost)  
  16  0:47  Assimilator  
  17  0:56  Probe (Chrono Boost)  
  18  1:07  Probe (Chrono Boost)  
  19  1:17  Probe (Chrono Boost)  
  20  1:27  Nexus  
  20  1:29  Probe (Chrono Boost)  
  21  1:40  Cybernetics Core  
  21  1:47  Pylon  
  21  1:50  Probe (Chrono Boost)  
  22  1:54  Assimilator  
  22  2:00  Probe (Chrono Boost)  
  23  2:11  Probe (Chrono Boost)  
  24  2:20  Stargate  
  24  2:22  Probe (Chrono Boost)  
  25  2:24  Adept (Chrono Boost)  
  27  2:34  Probe, Warp Gate  
  28  2:37  Probe  
  29  2:46  Probe (Chrono Boost)  
  29  2:48  Probe (Chrono Boost), Adept (Chrono Boost)  
  33  2:58  Probe x2  
  35  3:08  Probe  
  35  3:09  Oracle  
  35  3:10  Probe  
  40  3:15  Gateway  
  40  3:19  Gateway  
  39  3:23  Adept (Chrono Boost)  
  39  3:24  Probe  
  39  3:26  Probe (Chrono Boost)  
  42  3:33  Pylon  
  43  3:37  Probe (Chrono Boost)  
  43  3:38  Probe (Chrono Boost)  
  45  3:42  Pylon  
  45  3:47  Probe (Chrono Boost)  
  46  3:51  Probe (Chrono Boost), Oracle  
  50  3:57  Assimilator  
  50  3:58  Probe (Chrono Boost)  
  50  4:01  Assimilator  
  51  4:03  Probe (Chrono Boost)  
  51  4:09  Probe (Chrono Boost)  
  53  4:15  Probe (Chrono Boost)  
  54  4:19  Probe (Chrono Boost)  
  54  4:24  Nexus  
  55  4:25  Pylon  
  55  4:26  Probe (Chrono Boost)  
  55  4:30  Mothership Core (Chrono Boost)  
  58  4:36  Probe (Chrono Boost)  
  59  4:46  Robotics Facility, Twilight Council  
  59  4:47  Forge, Probe (Chrono Boost)  
  59  4:48  Probe (Chrono Boost)  
  61  4:57  Probe (Chrono Boost)  
  62  5:03  Probe (Chrono Boost)  
  63  5:08  Probe (Chrono Boost), Pylon  
  63  5:09  Pylon  
  65  5:14  Probe (Chrono Boost), Twilight Council  
  65  5:17  Phoenix  
  65  5:18  Probe (Chrono Boost)  
  65  5:21  Protoss Ground Weapons Level 1  
  68  5:24  Probe (Chrono Boost)  
  69  5:29  Probe (Chrono Boost)  
  69  5:34  Probe (Chrono Boost)  
  71  5:37  Probe (Chrono Boost)  
  72  5:44  Immortal (Chrono Boost)  
  72  5:45  Probe x2  
  72  5:49  Assimilator  
  78  5:52  Gateway  
  78  5:53  Assimilator  
  78  5:55  Probe  
  78  5:56  Probe  
  78  5:58  Probe  
  78  5:59  Charge  
  78  6:00  Pylon, Gateway  
  81  6:04  Templar Archives  
  81  6:06  Probe x2  
  81  6:08  Pylon  
  81  6:10  Probe  
  84  6:16  Probe  
  85  6:18  Pylon  
  85  6:21  Immortal (Chrono Boost)  
  85  6:23  Zealot x2, Probe  
  94  6:26  Zealot  
  96  6:37  Photon Cannon  
  96  6:39  Photon Cannon  
  96  6:42  Gateway  
  96  6:43  Gateway  
  96  6:44  Pylon  
  96  6:47  Psionic Storm  
  96  6:50  Photon Cannon  
  96  6:51  Immortal (Chrono Boost)  
  100  7:04  Photon Cannon  
  100  7:06  High Templar x2  
  100  7:07  Zealot x3  
  110  7:10  Archon  
  110  7:15  Protoss Ground Weapons Level 2  
  110  7:21  Pylon, Gateway  
  110  7:24  Immortal  
  110  7:28  High Templar x3  
  120  7:42  High Templar x3  
  126  7:47  Photon Cannon  
  126  7:49  Photon Cannon, Pylon  
  125  7:56  High Templar  
  127  8:04  High Templar  
  127  8:05  Nexus  
  129  8:06  Pylon, Warp Prism  
  129  8:09  Pylon  
  131  8:15  Photon Cannon  
  131  8:17  Pylon  
  131  8:20  Pylon  
  131  8:28  Gateway  
  131  8:29  Photon Cannon x2  
  131  8:30  High Templar x2  
  131  8:32  Photon Cannon  
  135  8:34  Archon  
  135  8:35  Zealot x2  
  135  8:36  Photon Cannon  
  135  8:45  High Templar  
  135  8:46  High Templar  
  135  8:47  Zealot  
  141  8:48  Photon Cannon  
  141  8:50  Photon Cannon, Archon  
  141  8:53  Photon Cannon  
  141  8:56  Gateway  
  141  9:10  Zealot x5  
  141  9:12  Photon Cannon  
  141  9:14  Pylon  
  151  9:29  Gateway  
  151  9:32  Gateway  
  151  9:33  Assimilator  
  151  9:37  Assimilator  
  139  9:38  Gateway  
  139  9:39  High Templar x5  
  139  9:40  Zealot, High Templar  
  139  9:41  Zealot  
  139  9:44  Archon  
  139  9:45  Archon  
  155  9:47  Archon  
  129  9:56  Immortal  
  117  10:05  High Templar x2  
  121  10:12  Archon  
  121  10:13  Zealot x6  
  133  10:20  Probe  
  134  10:21  Probe x3  
  137  10:30  Zealot x2  
  137  10:34  Zealot x3  
  137  10:35  High Templar x2  
  151  10:38  Zealot  
  151  10:39  Zealot, Archon  
  151  10:40  Zealot x2  
  159  10:57  Zealot x5  
  161  11:08  Archon  
  161  11:10  Zealot x6  
  145  11:19  High Templar  
  145  11:20  High Templar x4  
  145  11:24  Archon x2  
  155  11:29  Archon  
  155  11:31  High Templar x3  
  155  11:32  Zealot, High Templar  
  163  11:35  Archon x2  
Show
View Real Time Build Order
Export as new Build Order

FightingFrog Zerg 

Build Orders: Hatch First, Swarm Host 

Get SALT Encoding   

  12  0:00  Drone  
  13  0:12  Overlord  
  13  0:19  Drone  
  14  0:31  Drone x2  
  14  0:34  Drone  
  17  0:54  Hatchery  
  17  0:55  Drone  
  17  1:01  Drone  
  17  1:03  Extractor  
  17  1:14  Spawning Pool  
  17  1:17  Drone  
  17  1:28  Drone  
  18  1:33  Drone  
  18  1:39  Overlord  
  19  1:49  Drone  
  20  2:00  Queen, Drone  
  23  2:06  Queen  
  23  2:07  Zergling x2  
  23  2:08  Metabolic Boost  
  26  2:13  Zergling x2  
  27  2:17  Drone  
  28  2:25  Drone  
  28  2:27  Drone  
  30  2:41  Hatchery  
  30  2:42  Drone  
  30  2:44  Drone  
  30  2:50  Drone x2  
  33  2:55  Drone  
  34  3:03  Overlord  
  34  3:06  Drone  
  34  3:13  Overlord  
  34  3:15  Drone  
  35  3:20  Queen  
  35  3:21  Evolution Chamber  
  35  3:22  Drone x3  
  35  3:26  Drone x2  
  41  3:30  Overlord  
  41  3:32  Drone  
  41  3:33  Drone  
  43  3:39  Spore Crawler  
  43  3:40  Spore Crawler  
  41  3:42  Drone  
  41  3:47  Zerg Melee Weapons Level 1  
  42  3:50  Drone x3  
  42  3:54  Spore Crawler  
  44  3:58  Queen  
  46  4:03  Drone  
  46  4:05  Drone  
  46  4:06  Drone x2  
  50  4:12  Overlord  
  50  4:13  Zergling x4  
  52  4:20  Zergling x8  
  56  4:28  Drone x5  
  60  4:32  Drone x2  
  62  4:38  Lair  
  62  4:42  Drone x3  
  62  4:43  Extractor  
  64  4:48  Drone x2  
  64  4:49  Drone  
  67  4:53  Overlord  
  67  4:54  Overlord  
  67  4:55  Overlord  
  67  4:56  Drone x4  
  71  5:06  Extractor  
  71  5:07  Drone x2  
  70  5:16  Hatchery  
  69  5:23  Zergling x18  
  78  5:28  Zergling x2  
  78  5:30  Baneling Nest  
  78  5:42  Queen  
  80  5:47  Drone x2  
  80  5:48  Overlord x2  
  80  5:49  Zergling x14, Hydralisk Den  
  89  5:50  Zergling x2  
  89  6:00  Overseer  
  89  6:07  Extractor, Infestation Pit, Drone x8  
  89  6:11  Drone x3  
  98  6:12  Overlord  
  98  6:15  Extractor, Drone  
  97  6:19  Drone x3  
  97  6:21  Zerg Melee Weapons Level 2  
  97  6:23  Overlord x2  
  99  6:34  Overlord x2  
  98  6:42  Overlord  
  98  6:44  Drone x2  
  98  6:45  Drone  
  101  6:47  Extractor  
  101  6:51  Swarm Host  
  101  6:52  Swarm Host x3  
  101  6:54  Zergling x14  
  119  6:57  Spore Crawler, Zergling x2  
  119  7:03  Overlord x2  
  119  7:05  Zergling x4  
  119  7:06  Centrifical Hooks  
  121  7:22  Baneling x3  
  121  7:29  Overlord x2  
  121  7:31  Swarm Host x5  
  121  7:34  Zergling x14  
  121  7:36  Zergling x8  
  147  7:39  Hatchery  
  147  7:42  Hive  
  147  7:43  Zergling x4  
  148  7:51  Overlord x2  
  148  7:52  Zergling x2  
  148  7:53  Overseer  
  145  8:11  Zergling x28  
  145  8:12  Spire  
  158  8:17  Zergling x2  
  155  8:22  Overlord  
  155  8:23  Zergling x4  
  157  8:37  Zergling x20  
  165  8:42  Zergling x10  
  168  8:53  Zergling x10  
  173  8:56  Adrenal Glands  
  173  8:59  Zerg Melee Weapons Level 3  
  168  9:09  Zergling x18  
  168  9:16  Zergling x20  
  178  9:20  Zergling x2  
  178  9:22  Baneling x21  
  178  9:23  Baneling x10, Zergling x6  
  179  9:27  Hatchery  
  156  9:51  Zergling x22  
  156  9:52  Zergling x18  
  159  9:58  Zergling x18  
  138  10:03  Zergling x2  
  135  10:13  Zergling x20  
  145  10:16  Baneling x8  
  145  10:17  Zergling x4  
  146  10:29  Baneling x5  
  146  10:30  Baneling x4  
  146  10:39  Zergling x8  
  146  10:40  Zergling x16  
  151  10:54  Baneling  
  151  10:55  Baneling x4  
  138  11:08  Zergling x2  
  138  11:09  Zergling x40  
  117  11:15  Zergling x8  
  117  11:23  Zergling x16  
  117  11:24  Zergling x2  
  116  11:28  Zergling x2  
Tags
 
Add a new tag
Caveats
  • Supply blocks, unpowered buildings, or Contaminate may cause inaccurate times.
  • Supply counts are checked every 10 seconds.